 Dungeon Crawl Stone Soup version 0.30-a0-845-g7c6808c8ce (webtiles) character file.

Game seed: 11556278136672338768

240 zenocrate the Insei (level 6, -2/38 HPs)
             Began as an Octopode Transmuter on Mar 2, 2023.
             Slain by a hound (6 damage)
             ... on level 3 of the Dungeon.
             The game lasted 00:03:05 (2768 turns).

zenocrate the Insei (Octopode Transmuter)           Turns: 2768, Time: 00:03:05

Health: -2/38      AC:  1    Str: 10    XL:     6   Next: 8%
Magic:  6/9        EV: 13    Int: 17    God:
Gold:   87         SH:  0    Dex: 12    Spells: 2/9 levels left

rFire   . . .      SeeInvis .      - Unarmed
rCold   . . .      Faith    .    (no shield)
rNeg    . . .      Spirit   .    (helmet currently unavailable)
rPois   +          Reflect  .    (no amulet)
rElec   .          Rampage  .    m - ring of poison resistance
rCorr   .                        (no ring)
Will    .....                    (no ring)
Stlth   +++                      (no ring)
HPRegen 0.26/turn                (no ring)
MPRegen 0.11/turn                (no ring)
                                 (no ring)
                                 (no ring)

@: appendages, very slightly contaminated
A: tentacle spike 3, almost no armour, amphibious, 8 rings, camouflage 1,
gelatinous body 1, (nimble swimmer 1), tentacles
a: End Transformation


You were on level 3 of the Dungeon.
One of your tentacles had grown a beastly spike.
You visited 1 branch of the dungeon, and saw 4 of its levels.

You collected 157 gold pieces.
You spent 70 gold pieces at shops.

Inventory:

Jewellery
 m - a ring of poison resistance (left tentacle)
Scrolls
 c - a scroll of brand weapon {unknown}
 f - a scroll of amnesia {unknown}
 h - 2 scrolls of enchant armour
 i - 2 scrolls of teleportation {unknown}
 j - a scroll of identify {unknown}
 o - a scroll of torment {unknown}
Potions
 a - a potion of lignification
 b - 2 potions of flight {unknown}
 d - 2 potions of haste {unknown}
 e - 3 potions of curing {unknown}
 g - a potion of heal wounds
 k - a potion of cancellation {unknown}
 l - a potion of ambrosia {unknown}
 n - a potion of berserk rage {unknown}
 p - a potion of might {unknown}


   Skills:
 - Level 1.0 Fighting
 - Level 2.0 Dodging
 - Level 2.0 Stealth
 + Level 4.6 Unarmed Combat
 - Level 2.0 Spellcasting
 + Level 4.1 Transmutations
 + Level 1.9 Ice Magic


You had 2 spell levels left.
You knew the following spells:

 Your Spells              Type           Power      Damage    Failure   Level
a - Wereblood             Tmut           15%        N/A       5%          2
b - Beastly Appendage     Tmut           30%        N/A       3%          1
c - Ice Form              Ice/Tmut       12%        N/A       50%         4

Your spell library contained the following spells:

 Spells                   Type           Power      Damage    Failure   Level
 Spider Form              Tmut/Pois      8%         N/A       26%         3
 Animate Dead             Necr           1%         N/A       88%         4
 Haunt                    Necr/Summ      0%         N/A       100%        7
 Infestation              Necr           0%         N/A       100%        8


Dungeon Overview and Level Annotations

Branches:
Dungeon (4/15)
 Temple: D:4-7

Altars:

Shops:
D:2 *


Innate Abilities, Weirdness & Mutations

One of your tentacles has grown a beastly spike.
You cannot wear most types of armour.
You are amphibious.
You can wear up to eight rings at the same time.
Your skin changes colour to match your surroundings (Stealth+).
Your rubbery body absorbs attacks. (AC +1, EV +1)
((You are camouflaged when in or above water. (Stealth+)))
You have tentacles for arms and can constrict up to eight enemies at once.


Message History

Found a murky blue potion and a book of Misfortune.
The jelly quivers.
The orc hits you with a +0 club.
You barely miss the orc. Your grab misses the orc.
You howl as the wereblood boils in your veins!
You hear a shout! x2
The orc hits you with a +0 club.
A goblin comes into view. It is wielding a +0 club.
You bludgeon the jelly!
Your tentacles burn!
The jelly is heavily wounded.
Your tentacle spike disappears.
Your primal bloodlust has ended.
The hound misses you. The orc attacks as you move away!
The orc closely misses you.
There is a stone staircase leading up here.
The hound closely misses you. The orc misses you. The hound bites you.
You climb upwards.
There is a stone staircase leading down here.
The orc hits you with a +0 club. The hound bites you.
The orc attacks as you move away! The orc hits you with a +0 club.
The hound barely misses you. The hound attacks as you move away!
The hound bites you. The orc attacks as you move away!
The orc hits you with a +0 club.
Items here: )))).
The hound bites you.
* * * LOW HITPOINT WARNING * * *
Things that are here:
a +0 club; a +0 club; a +0 sling
Casting: Beastly Appendage (safe; 3% risk of failure)
Confirm with . or Enter, or press ? or * to list all spells.
You miscast Wereblood.
You are very lightly contaminated with residual magic.
Nothing appears to happen.
The hound bites you.
* * * LOW HITPOINT WARNING * * *
Casting: Wereblood (safe; 5% risk of failure)
Confirm with . or Enter, or press ? or * to list all spells.
One of your tentacles grows a vicious spike.
The hound bites you.
* * * LOW HITPOINT WARNING * * *
The hound bites you.
You die...

#..........# #......
#..........# #......
#..........# #......
#..........# #......
#..........#######......
##.)..#.................
#..)[..################
#...)########### #
#.>.oh@).......# #
#....#########.########
#....# #.........
#######....# #.........
#.....##.### #.........
#.....##.# #.........
#.....##.# #.........
#.....##.### #.....<...
#..........# #.........


You could see a hound and an orc.

Vanquished Creatures
  A hound (D:4)
  A sleepcap (D:2)
  Natasha (twice) (D:3)
  Terence (D:2)
  Robin (D:3)
  2 adders (D:2)
  A worm (D:2)
  2 dart slugs
  5 endoplasms
  2 giant cockroaches
  8 hobgoblins
  8 jackals
  6 kobolds
  2 quokkas
  3 ball pythons
  5 bats
  16 goblins
  2 rats
68 creatures vanquished.

Notes
Turn   | Place    | Note
-------+----------+-------------------------------------------
     0 | D:1      | zenocrate the Octopode Transmuter began the quest for the
                  | Orb.
     0 | D:1      | Reached XP level 1. HP: 13/13 MP: 3/3
   168 | D:1      | Reached skill level 1 in Stealth
   217 | D:1      | Reached XP level 2. HP: 18/18 MP: 3/5
   385 | D:1      | Learned a level 2 spell: Wereblood
   560 | D:1      | Reached XP level 3. HP: 15/23 MP: 1/6
  1170 | D:2      | Reached XP level 4. HP: 28/28 MP: 3/7
  1170 | D:2      | Found Ret Cosk's General Store.
  1210 | D:2      | Bought a potion of heal wounds for 70 gold pieces
  1578 | D:2      | Learned a level 4 spell: Ice Form
  1661 | D:2      | Noticed Terence
  1673 | D:2      | Killed Terence
  1674 | D:2      | Reached XP level 5. HP: 22/33 MP: 5/8
  2124 | D:3      | Noticed Natasha
  2142 | D:3      | Killed Natasha
  2143 | D:3      | Reached skill level 1 in Ice Magic
  2225 | D:3      | Noticed Robin
  2236 | D:3      | Killed Robin
  2398 | D:3      | Noticed Natasha
  2404 | D:3      | Killed Natasha
  2690 | D:4      | Reached XP level 6. HP: 34/38 MP: 6/9
  2768 | D:3      | Slain by a hound

Illustrated notes

Levels and vault maps discovered:
D:1:      evilmike_arrival_hilbert_curve, layout_basic
D:2:      layout_basic, serial_glass, glass_columns_c, glass_columns_a,
          glass_columns_a, serial_shops, nicolae_shop_crystal,
          grunt_ministairs_8, uniq_terence
D:3:      layout_basic, uniq_robin, uniq_natasha
D:4:      layout_basic

Skill      XL: |  1  2  3  4  5 |
---------------+----------------+-----
Stealth        | 1 2 |  2.0
Transmutations | 3 4 |  4.1
Unarmed Combat | 4 |  4.6
Ice Magic      | 1 |  1.9
Fighting       | |  1.0
Dodging        | |  2.0
Spellcasting   | |  2.0

Action                     |  1- 3 |  4- 6 || total
---------------------------+-------+-------++-------
  Melee: Unarmed           |    71 |    74 ||   145
         Kick              |    23 |    28 ||    51
         Constrict         |    15 |    24 ||    39
         Tentacles         |     7 |    16 ||    23
         Punch             |     5 |     5 ||    10
   Cast: Beastly Appendage |    16 |    19 ||    35
         Wereblood         |     6 |    14 ||    20
    Use: Scroll            |       |     1 ||     1
   Stab: Sleeping          |     7 |     2 ||     9
 Armour: Skin              |     6 |     5 ||    11
  Dodge: Dodged            |    52 |    37 ||    89

Table legend: (Time is in decaauts)
 A = Elapsed time spent in this place.
 B = Non-inter-level travel time spent in this place.
 C = Inter-level travel time spent in this place.
 D = Time resting spent in this place.
 E = Time spent auto-exploring this place.
 F = Levels seen in this place.
 G = Mean time per level.
                   A        B        C        D        E       F      G
               +--------+--------+--------+--------+--------+-----+--------+
         Total |   2756 |   2708 |     48 |      0 |   2234 |   4 |  689.0 |
       Dungeon |   2756 |   2708 |     48 |      0 |   2234 |   4 |  689.0 |
               +--------+--------+--------+--------+--------+-----+--------+

Top non-repeatable levels by time:
     D:2: 968 daAuts
     D:1: 931 daAuts
     D:3: 715 daAuts
     D:4: 141 daAuts
